 Dungeon Crawl Stone Soup version 0.29.0-4-gdea44cf6ec (webtiles) character file.

Game seed: 4765499296424610588

121 qw the Chopper (level 5, 0/37 HPs)
             Began as a Barachi Chaos Knight on Sept 4, 2022.
             Slain by a black bear (3 damage)
             ... on level 4 of the Dungeon.
             The game lasted 00:01:17 (3368 turns).

qw the Chopper (Barachi Chaos Knight)               Turns: 3368, Time: 00:01:18

Health: 0/37       AC:  3    Str: 13 (16) XL:     5   Next: 5%
Magic:  5/5        EV: 10    Int: 11 (12) God:
Gold:   121        SH:  0    Dex:  7 (11) Spells: 4/4 levels left

rFire   . . .      SeeInvis .   Y - +2 hand axe (chaos)
rCold   . . .      Faith    .   (no shield)
rNeg    . . .      Spirit   .   e - +0 ring mail
rPois   .          Reflect  .   (no helmet)
rElec   .          Harm     .   (no cloak)
rCorr   .          Rampage  .   (no gloves)
Will    .....                   (no boots)
Stlth   ..........              (no amulet)
HPRegen 0.12/turn               (no ring)
MPRegen 0.09/turn               (no ring)

@: about to teleport, slow
A: amphibious, slowness 1, strong legs 1, +LOS, deformed body, deterioration 2,
frail 1
a: Hop


You were on level 4 of the Dungeon.
You visited 1 branch of the dungeon, and saw 4 of its levels.

You collected 121 gold pieces.


Innate Abilities, Weirdness & Mutations

You are amphibious.
You cover ground slowly.
You can hop short distances.
You have an extended range of vision and can be seen from far away.
Armour fits poorly on your strangely shaped body.
Your body often deteriorates upon taking damage.
You are frail. (-10% HP)


   Skills:
 + Level 3.9 Fighting
 - Level 6.0 Axes
 - Level 2.4 Armour
 - Level 1.1 Dodging


You had 4 spell levels left.
You didn't know any spells.
Your spell library was empty.

Inventory:

Hand Weapons
 k - a +0 mace
 Y - a +2 hand axe of chaos (weapon)
Armour
 e - a +0 ring mail (worn)
Scrolls
 a - 2 scrolls of teleportation
 j - a scroll of enchant armour
Potions
 d - a potion of lignification {unknown}
 f - a potion of heal wounds
 g - a potion of curing {unknown}
 h - a potion of haste {unknown}
 i - a potion of might
 l - a potion of flight {unknown}
Miscellaneous
 c - a piece from Xom's chessboard (15/15)

Dungeon Overview and Level Annotations

Branches:
Dungeon (4/15)
 Temple: D:4-7

Altars:
Dithmenos
Wu Jian

Shops:
D:1 :


Message History

Enter note: You closely miss the adder.
You hit the goblin.
You kill the goblin!
The adder bites you but does no damage.
You hit the adder.
The adder seems to speed up.
The adder is heavily wounded.
The adder completely misses you. The adder bites you.
You hit the adder. You drain the adder.
You kill the adder!
You have reached level 5!
You start resting.
HP restored.
Things that are here:
a +0 dagger of speed; a goblin corpse A black bear comes into view.
The black bear bites you. The black bear closely misses you.
The black bear claws you but does no damage.
The black bear bites you.
Your body deteriorates!
You feel clumsy. The black bear claws you. The black bear closely misses you.
You closely miss the black bear. The black bear bites you!
Your body deteriorates!
You feel clumsy.
The black bear claws you but does no damage. x2
You hit the black bear.
The black bear is lightly wounded.
The black bear bites you. The black bear claws you.
Your body deteriorates!
You feel clumsy. The black bear claws you.
You slash the black bear! You freeze the black bear.
The black bear is heavily wounded.
The black bear bites you!
Your body deteriorates!
You feel weakened.
The black bear claws you but does no damage.
The black bear claws you.
3368 ||| READING 3 scrolls of teleportation.
As you read the scroll of teleportation, it crumbles to dust.
You feel strangely unstable. The black bear bites you.
You die...

#.....##.# #...#
#....<#..###...# .#
#.......#...#.###.#
#####.###.####.%.##
...# #.###)....#
#.###
#.##.#...#...# #.
#.##.##### ..# #
..##.#h..#...#
.####@....# .
##...## #. ###.# .#


You could see a black bear.

Vanquished Creatures
  6 adders
  3 worms (D:2)
  3 dart slugs
  An orc (D:3)
  4 ball pythons
  8 endoplasms
  A giant cockroach (D:1)
  3 goblins
  4 hobgoblins
  3 jackals (D:3)
  A quokka (D:1)
  3 bats
  4 frilled lizards
  3 kobolds
  7 rats
54 creatures vanquished.

Notes
Turn   | Place    | Note
-------+----------+-------------------------------------------
     0 | D:1      | qw the Barachi Chaos Knight began the quest for the Orb.
     0 | D:1      | Reached XP level 1. HP: 18/18 MP: 1/1
     0 | D:1      | 0 ||| qw: Version: 0.1-a-103-gd6f5d3a
     0 | D:1      | 0 ||| qw: Game counter: 5772
     0 | D:1      | 0 ||| qw: Always use a shield: true
     0 | D:1      | 0 ||| qw: God list: Okawaru
     0 | D:1      | 0 ||| qw: Allow faded altars: false
     0 | D:1      | 0 ||| qw: Do Orc after D:15 true
     0 | D:1      | 0 ||| qw: Do second Lair branch before Depths: true
     0 | D:1      | 0 ||| qw: Lair rune preference: random
     0 | D:1      | 0 ||| qw: Plans: Normal
     0 | D:1      | 0 ||| PLANNING D:1-11
     0 | D:1      | Fell from the grace of Xom
   233 | D:1      | XOM: torment (10/18 hp)
   406 | D:1      | Reached XP level 2. HP: 24/24 MP: 2/2
   432 | D:1      | Reached skill level 4 in Axes
   853 | D:1      | Found Saygij's Book Shoppe.
  1038 | D:1      | 1038 ||| READING 2 scrolls labelled QOCRILLAPH.
  1043 | D:1      | 1043 ||| READING scroll labelled WECKAR BUNLECAL.
  1044 | D:1      | 1044 ||| READING scroll labelled NOYPTI NETODEO.
  1045 | D:1      | 1045 ||| DRINKING 2 sedimented dark potions.
  1046 | D:1      | 1046 ||| DRINKING 2 silvery potions.
  1047 | D:1      | 1047 ||| DROPPING potion of magic.
  1094 | D:2      | XOM: stat loss: -3 Int (9/12)
  1146 | D:2      | Reached XP level 3. HP: 26/29 MP: 3/3
  1147 | D:2      | XOM: give mutation
  1147 | D:2      | Gained mutation: You are weak. (Str -2) [Xom's mischief]
  1178 | D:2      | Found an ornate altar of the Wu Jian Council.
  1216 | D:2      | 1216 ||| Stepping ~*~*~tactically~*~*~ (hiding).
  1318 | D:2      | 1318 ||| Stepping ~*~*~tactically~*~*~ (hiding).
  1420 | D:2      | 1420 ||| Stepping ~*~*~tactically~*~*~ (hiding).
  1422 | D:2      | 1422 ||| Stepping ~*~*~tactically~*~*~ (hiding).
  1424 | D:2      | 1424 ||| Stepping ~*~*~tactically~*~*~ (hiding).
  1630 | D:2      | Reached skill level 5 in Axes
  1676 | D:2      | XOM: stat loss: -1 Dex (10/11)
  1786 | D:2      | Reached XP level 4. HP: 35/36 MP: 4/4
  1835 | D:2      | 1835 ||| Stepping ~*~*~tactically~*~*~ (hiding).
  1836 | D:2      | 1836 ||| Stepping ~*~*~tactically~*~*~ (hiding).
  1862 | D:2      | XOM: summons 1 hostile shadow creature
  2108 | D:2      | XOM: give mutations
  2108 | D:2      | Gained mutation: You are frail. (-10% HP) [Xom's mischief]
  2108 | D:2      | Gained mutation: Your body sometimes deteriorates upon
                  | taking damage. [Xom's mischief]
  2108 | D:2      | Gained mutation: Your body often deteriorates upon taking
                  | damage. [Xom's mischief]
  2108 | D:2      | Gained mutation: Armour fits poorly on your strangely
                  | shaped body. [Xom's mischief]
  2270 | D:2      | 2270 ||| READING 2 scrolls labelled PIVETZ QAOSU.
  2271 | D:2      | 2271 ||| READING scroll labelled PITAFI QOENG.
  2272 | D:2      | 2272 ||| READING scroll labelled BAEMMOPRAT.
  2273 | D:2      | 2273 ||| DRINKING 2 metallic pink potions.
  2274 | D:2      | 2274 ||| DROPPING scroll of magic mapping.
  2282 | D:3      | Found a shadowy altar of Dithmenos.
  2456 | D:3      | 2456 ||| READING scroll of enchant weapon.
  2456 | D:3      | 2456 ||| ENCHANTING +1 hand axe of chaos.
  2475 | D:3      | XOM: 1-stop teleportation journey
  2684 | D:3      | 2684 ||| Stepping ~*~*~tactically~*~*~ (stealth).
  2771 | D:3      | XOM: stat loss: -3 Str (11/14)
  2782 | D:3      | 2782 ||| Stepping ~*~*~tactically~*~*~ (stealth).
  3046 | D:3      | Reached skill level 6 in Axes
  3081 | D:3      | XOM: give mutation
  3081 | D:3      | Lost mutation: You are weak. (Str -2) [Xom's mischief]
  3151 | D:3      | Found a faded altar of an unknown god.
  3314 | D:3      | 3314 ||| UPGRADING to +0 ring mail.
  3324 | D:3      | 3324 ||| DROPPING +2 leather armour.
  3356 | D:4      | Reached XP level 5. HP: 36/37 MP: 5/5
  3364 | D:4      | Noticed a black bear
  3367 | D:4      | HP: 5/37 [black bear (7)]
  3368 | D:4      | 3368 ||| READING 3 scrolls of teleportation.
  3368 | D:4      | Slain by a black bear

Levels and vault maps discovered:
D:1:      wheals_arrival_linesprint, layout_loops_ring, serial_shops,
          nicolae_shop_stone
D:2:      layout_basic, basic_altar
D:3:      layout_loops_ring, grunt_dithmenos_smoke,
          shapermc_ecumenical_altar_petra
D:4:      nicolae_cairo_tiling, layout_rooms, mainiacjoe_overflow_brackets,
          lemuel_crystal_altar, chequers_jeans, uniq_grinder

Skill      XL: |  1  2  3  4 |
---------------+-------------+-----
Axes           | 4 5 6 |  6.0
Fighting       | |  3.9
Armour         | |  2.4
Dodging        | |  1.1

Action                   |  1- 3 |  4- 6 || total
-------------------------+-------+-------++-------
Melee: Hand axe          |   100 |    75 ||   175
       Punch             |       |     1 ||     1
Invok: Renounce Religion |     1 |       ||     1
  Use: Scroll            |     3 |     5 ||     8
       Potion            |     2 |     1 ||     3
 Stab: Paralysed         |     1 |       ||     1
       Petrifying        |     1 |       ||     1
Armor: Leather armour    |    32 |    12 ||    44
       Ring mail         |       |     5 ||     5
Dodge: Dodged            |    31 |    38 ||    69

Table legend:
 A = Non-vault XP
 B = Vault XP
 C = Vault XP percentage of total XP
 D = Non-vault monster count
 E = Vault monster count
 F = Vault count percentage of total count
                 A         B        C        D         E       F
            +---------+---------+-------+---------+---------+-------
      Total |     174 |       0 |   0.0 |      54 |       0 |   0.0
            +---------+---------+-------+---------+---------+-------
        D:1 |      26 |       0 |   0.0 |      14 |       0 |   0.0
        D:2 |      81 |       0 |   0.0 |      21 |       0 |   0.0
        D:3 |      52 |       0 |   0.0 |      17 |       0 |   0.0
        D:4 |      15 |       0 |   0.0 |       2 |       0 |   0.0
            +---------+---------+-------+---------+---------+-------
